 Dungeon Crawl Stone Soup version 0.29.1-2-gbd0b4ee654 (webtiles) character file.

Game seed: 15157657506806221208

1514 leafyfresh the Ducker (level 9, -4/59 HPs)
             Began as a Djinni Ice Elementalist on Nov 12, 2022.
             Was an Initiate of Makhleb.
             Slain by a wyvern zombie (12 damage)
             ... on level 6 of the Dungeon.
             The game lasted 00:23:21 (10183 turns).

leafyfresh the Ducker (Djinni Ice Elementalist)    Turns: 10183, Time: 00:23:21

Health: -4/59      AC: 15    Str: 13    XL:     9   Next: 9%
Gold:   361        EV: 13    Int: 21    God:    Makhleb [......] SH:  0 Dex: 14

rFire   + + +      SeeInvis .   d - +1 club (spect)
rCold   x . .      Faith    .   (no shield)
rNeg    . . .      Spirit   .   f - +1 ring mail {rF+}
rPois   ∞          Reflect  .   (helmet currently unavailable)
rElec   .          Harm     .   q - +0 cloak
rCorr   .          Rampage  .   (no gloves)
Will    .....                   (boots unavailable)
Stlth   +.........              G - amulet of magic regeneration
HPRegen 0.19/turn               m - +4 ring of protection
MPRegen 0.00/turn               F - +6 ring of strength

@: ice-armoured, appendages, animating dead, flying
A: horns 2, flying, sickness immunity, fire resistance 2, cold vulnerability 1,
float, innate caster, HP casting, extra vitality 1
a: End Transformation, Renounce Religion


You were on level 6 of the Dungeon.
You worshipped Makhleb.
Makhleb was noncommittal.
You had temporarily grown beastly horns.
You visited 1 branch of the dungeon, and saw 6 of its levels.
You also visited: Sewer.

You collected 361 gold pieces.

Inventory:

Hand Weapons
 d - a +1 spectral club (weapon)
 p - a +3 quarterstaff of chaos
Missiles
 e - 13 javelins (quivered)
 r - 2 throwing nets
Armour
 a - a +0 robe
 f - a +1 ring mail of fire resistance (worn)
 k - a +2 hat (melded)
 q - a +0 cloak (worn)
Jewellery
 m - a +4 ring of protection (left hand)
 F - a +6 ring of strength (right hand)
 G - an amulet of magic regeneration (around neck)
Wands
 h - a wand of polymorph (4)
Scrolls
 b - 2 scrolls of immolation
 g - a scroll of enchant weapon
 i - a scroll of fear
 l - 2 scrolls of teleportation {unknown}
 x - a scroll of blinking {unknown}
 y - a scroll of torment {unknown}
 A - 2 scrolls of amnesia
 B - a scroll of silence {unknown}
 C - a scroll of vulnerability
Potions
 c - a potion of flight {unknown}
 j - a potion of curing
 n - a potion of ambrosia {unknown}
 o - 3 potions of brilliance
 s - a potion of lignification {unknown}
 t - a potion of attraction {unknown}
 u - a potion of cancellation {unknown}
 v - a potion of experience {unknown}
 w - 2 potions of magic
 z - a potion of haste {unknown}
 D - a potion of might {unknown}


   Skills:
 + Level 2.6 Fighting
 + Level 2.6 Armour
 - Level 7.1 Dodging
 - Level 1.5 Stealth
 - Level 6.3 Spellcasting
 + Level 2.7 Invocations


You couldn't memorise any spells.
You knew the following spells:

 Your Spells              Type           Power      Damage    Failure   Level
a - Freeze                Ice            100%       1d11      1%          1
b - Frozen Ramparts       Ice            66%        1d10      4%          3
c - Ozocubu's Armour      Ice            33%        N/A       4%          3
d - Hailstorm             Conj/Ice       33%        3d8       14%         4
e - Beastly Appendage     Tmut           66%        N/A       1%          1
f - Blink                 Tloc           66%        N/A       2%          2
g - Inner Flame           Hex/Fire       33%        N/A       4%          3
h - Animate Dead          Necr           33%        N/A       14%         4
Your spell library was empty.

Dungeon Overview and Level Annotations

Branches:
Dungeon (6/15)              Sewer (visited)
 Temple: D:4-7

Altars:
Makhleb
Qazlal

Annotations:
D:5 Eustachio


Innate Abilities, Weirdness & Mutations

You have temporarily grown beastly horns.
You are flying.
You are immune to sickness and miasma.
You are immune to poison.
Your flesh is very heat resistant. (rF++)
You are vulnerable to cold. (rC-)
You float through the air rather than walking.
You learn spells naturally, not from books.
Your magical power is your life essence.
You have superior vitality. (+4 MHP)


Message History

Confirm with . or Enter, or press ? or * to list all spells.
You grow a pair of large bovine horns.
Your +2 hat melds into your body.
The wyvern zombie closely misses you.
Unknown command.
You hit the wyvern zombie but do no damage.
You headbutt the wyvern zombie.
The wyvern zombie is heavily damaged.
The wyvern zombie bites you but does no damage.
The wyvern zombie closely misses you.
Unknown command.
You hit the wyvern zombie. You headbutt the wyvern zombie.
The wyvern zombie is heavily damaged.
The wyvern zombie closely misses you.
Unknown command.
You hit the wyvern zombie but do no damage.
The wyvern zombie is heavily damaged.
The wyvern zombie bites you.
* * * LOW HITPOINT WARNING * * *
The wyvern zombie closely misses you.
Unknown command.
You barely miss the wyvern zombie. You headbutt the wyvern zombie!
The wyvern zombie is severely damaged.
The wyvern zombie bites you.
* * * LOW HITPOINT WARNING * * *
The wyvern zombie bites you!
* * * LOW HITPOINT WARNING * * *
Unknown command.
You feel better. The wyvern zombie bites you.
* * * LOW HITPOINT WARNING * * *
Unknown command.
You barely miss the wyvern zombie.
The wyvern zombie is severely damaged.
The wyvern zombie bites you.
* * * LOW HITPOINT WARNING * * *
The wyvern zombie barely misses you.
Unknown command.
You hit the wyvern zombie.
The wyvern zombie is almost destroyed.
The wyvern zombie bites you!
You die...

#.# #.# ##### #.#
##.# ..... #.#
#(.# ##### ####.#
#.#8# ..##.# #'###
#.##.# ###.###
#.##.# #.'.'_#
#.##.# ###.###
#.##.## #.'.Z@#
#.##..# ###.###
..###'### #.'.'.#
.##≈≈.≈≈######Z###
.##≈♣.♣≈#..#.'n'.#
..'.._..'.####.###
###≈♣.♣≈#.# '.'
#≈≈.≈≈#.# #.#
###+###.# +.+


You could see a wyvern zombie.

Vanquished Creatures
  An ice beast (D:4)
  A black bear (D:5)
  An ogre (D:6)
  A phantom (D:4)
  A bullfrog (D:6)
  2 necrophages (D:6)
  A water moccasin zombie (D:6)
  2 scorpions
  A wight (D:6)
  A bullfrog zombie (D:6)
  A hound (D:5)
  A human zombie (D:6)
  5 jellies
  An orc priest (D:5)
  Crazy Yiuf (D:3)
  Natasha (thrice) (D:3 D:2)
  An orc wizard (D:4)
  A mummy (D:6)
  A howler monkey zombie (D:6)
  Robin (D:3)
  8 gnolls
  8 adders
  A river rat (Sewer)
  A white imp (D:5)
  An ufetubus (D:4)
  2 worms
  2 dart slugs
  8 orcs
  7 bats
  17 endoplasms
  8 giant cockroaches
  21 goblins
  7 hobgoblins
  4 jackals (D:1)
  3 quokkas
  16 ball pythons
  8 frilled lizards
  10 kobolds
  12 rats
172 creatures vanquished.

Notes
Turn   | Place    | Note
-------+----------+-------------------------------------------
     0 | D:1      | leafyfresh the Djinni Ice Elementalist began the quest for
                  | the Orb.
     0 | D:1      | leafyfresh set off with the following spells memorised:
                  | Freeze, Frozen Ramparts, Ozocubu's Armour, Hailstorm.
     0 | D:1      | Reached XP level 1. HP: 15/15 MP: 0/0
   273 | D:1      | Reached XP level 2. HP: 10/21 MP: 0/0
   958 | D:1      | Found a faded altar of an unknown god.
   994 | D:1      | Reached XP level 3. HP: 13/25 MP: 0/0
   994 | D:1      | Learned a level 1 spell: Beastly Appendage
  2600 | D:1      | Reached XP level 4. HP: 28/31 MP: 0/0
  2805 | D:2      | Found a stormy altar of Qazlal.
  2815 | D:2      | You are sucked into a shaft and drop 1 floor!
  3872 | D:3      | Reached skill level 3 in Dodging
  4417 | D:3      | Reached XP level 5. HP: 21/35 MP: 0/0
  4417 | D:3      | Learned a level 2 spell: Blink
  4747 | D:3      | Noticed Robin
  4764 | D:3      | Killed Robin
  4930 | D:3      | Noticed Natasha
  4939 | D:3      | Killed Natasha
  4940 | D:3      | Reached skill level 4 in Dodging
  5107 | D:3      | Reached XP level 6. HP: 38/40 MP: 0/0
  5145 | D:3      | Noticed Natasha
  5213 | D:2      | Killed Natasha
  5583 | D:2      | Noticed Natasha
  5589 | D:2      | Killed Natasha
  5693 | D:3      | Found a runed translucent door.
  5694 | D:3      | Noticed Crazy Yiuf
  5940 | D:3      | Killed Crazy Yiuf
  6309 | D:4      | Reached skill level 5 in Spellcasting
  6386 | D:4      | Reached skill level 5 in Dodging
  6492 | D:4      | Reached XP level 7. HP: 45/45 MP: 0/0
  6492 | D:4      | Learned a level 3 spell: Inner Flame
  7016 | D:5      | Entered Level 5 of the Dungeon
  7124 | D:5      | Reached skill level 6 in Dodging
  7407 | D:5      | Found a glowing drain.
  7422 | Sewer    | Entered a sewer
  7640 | Sewer    | Found a viscous altar of Jiyva.
  7646 | Sewer    | Reached XP level 8. HP: 40/50 MP: 0/0
  8189 | D:5      | Noticed Eustachio
  9262 | D:6      | Reached skill level 7 in Dodging
  9336 | D:6      | Found a burning altar of Makhleb.
  9430 | D:6      | Became a worshipper of Makhleb the Destroyer
  9624 | D:6      | Reached skill level 1 in Fighting
  9624 | D:6      | Reached skill level 1 in Armour
  9624 | D:6      | Reached skill level 1 in Invocations
  9733 | D:6      | Identified the +7 long sword of the Dancing Pariah {flame,
                  | rElec rPois Dex+6}
 10155 | D:6      | Reached XP level 9. HP: 22/59 MP: 0/0
 10155 | D:6      | Learned a level 4 spell: Animate Dead
 10183 | D:6      | Slain by a wyvern zombie

Illustrated notes

Levels and vault maps discovered:
D:1:      giann_horns, layout_loops_ring, chequers_ecumenical_altar_twisty,
          minivault_4, minmay_3d_cube
D:2:      layout_basic, basic_altar
D:3:      layout_basic, mainiacjoe_overflow_surrounded_room, uniq_natasha,
          uniq_crazy_yiuf_cottage, uniq_robin
D:4:      layout_basic, dk_vineyard_2
D:5:      layout_loops_ring, mainiacjoe_overflow_catwalk, portal_sewer_entry_a,
          uniq_eustachio
D:6:      layout_basic, lemuel_mausoleum_altar_kikubaaqudgha,
          kennysheep_little_box, minmay_ogre_servants

Skill      XL: |  1  2  3  4  5  6  7  8 |
---------------+-------------------------+-----
Spellcasting   | 4 5 6 |  6.3
Dodging        | 3 4 5 6 7 |  7.1
Fighting       | 2 |  2.6
Armour         | 2 |  2.6
Invocations    | 2 |  2.7
Stealth        | |  1.5

Action                   |  1- 3 |  4- 6 |  7- 9 || total
-------------------------+-------+-------+-------++-------
Melee: Unarmed           |     6 |    16 |       ||    22
       Dagger            |    55 |    40 |       ||    95
       Punch             |     2 |     1 |     3 ||     6
       Club              |       |    26 |   207 ||   233
       Headbutt          |       |     2 |     8 ||    10
Throw: Javelin           |     1 |     7 |    16 ||    24
 Cast: Freeze            |    35 |    46 |    17 ||    98
       Ozocubu's Armour  |       |     6 |    15 ||    21
       Frozen Ramparts   |       |     4 |    13 ||    17
       Blink             |       |     1 |     2 ||     3
       Beastly Appendage |       |     2 |     2 ||     4
       Hailstorm         |       |       |     1 ||     1
       Animate Dead      |       |       |     1 ||     1
  Use: Potion            |       |     3 |     6 ||     9
       Scroll            |       |     2 |     3 ||     5
 Stab: Sleeping          |     2 |       |     1 ||     3
       Distracted        |       |       |     1 ||     1
Armor: Robe              |    21 |       |       ||    21
       Ring mail         |     3 |    68 |   124 ||   195
       Skin              |       |     4 |       ||     4
Dodge: Dodged            |    45 |   112 |   132 ||   289
